 Dungeon Crawl Stone Soup version 0.24.0-13-gcf9b3192b9 (webtiles) character file.

Game seed: 10458686315688267264, levelgen mode: deterministic

51522 Froggeryz the Transmogrifier (level 14, -4/106 HPs)
             Began as a Gargoyle Earth Elementalist on Nov 6, 2019.
             Was an Elder of Vehumet.
             Slain by a minotaur
             ... wielding an uncursed staff of poison
              (13 damage)
             ... in a Gauntlet.
             The game lasted 00:57:46 (20709 turns).

Froggeryz the Transmogrifier (GrEE)                Turns: 20709, Time: 00:57:46

Health: -4/106     AC:  9    Str: 18    XL:     14   Next: 60%
Magic:  19/24      EV: 17    Int: 20    God:    Vehumet [****..]
Gold:   2000       SH:  0    Dex: 17    Spells: 7/27 levels left

rFire    . . .     SeeInvis .     - Unarmed
rCold    . . .     Gourm    .   (shield currently unavailable)
rNeg     + . .     Faith    .   (armour currently unavailable)
rPois    ∞         Spirit   .   (helmet currently unavailable)
rElec    .         Reflect  .   (cloak currently unavailable)
rCorr    .         Harm     .   (gloves currently unavailable)
MR       +....     NoTele   +   (boots currently unavailable)
Stlth    ++++......             r - amulet of regeneration
HPRegen  0.67/turn              (no ring)
MPRegen  0.19/turn              (no ring)

@: mighty, agile, hydra-form, flying
A: very large, thin skeletal structure 1, blurry vision 1, negative energy
resistance 1, petrification resistance, rot immunity, AC +10
a: End Transformation, Renounce Religion


You were in a Gauntlet.
You worshipped Vehumet.
Vehumet was greatly pleased with you.
You were not hungry.
You were a six-headed hydra.
You visited 4 branches of the dungeon, and saw 19 of its levels.
You also visited: Gauntlet.

You collected 2000 gold pieces.

Inventory:

Hand Weapons
 S - the +8 whip "Snakebite" (melded) {curare, rPois}
   (You found it on level 4 of the Lair of Beasts)

   It poisons the flesh of those it strikes.
   It protects you from poison.
Missiles
 b - 164 stones
 u - 5 curare-tipped darts (quivered)
 y - a throwing net
Armour
 a - a +0 cloak (melded)
 f - the +3 warlock's mirror (melded) {reflect}
   (You acquired it in a Gauntlet)
 o - a +2 robe of cold resistance
 C - the cursed -3 cloak "Turr" {+Blink rN++}
   (You found it on level 11 of the Dungeon)

   It greatly protects you from negative energy.
   It lets you blink.
   It has a curse placed upon it.
 E - a +2 helmet of intelligence (melded)
 H - a +0 pair of boots (melded)
 M - a +2 robe of positive energy
 O - a +0 pair of gloves (melded)
 V - the +5 robe of Yredelemnul's Envy (melded) {MR+ Int+4 Dex-2 Slay+5}
   (You found it on level 6 of the Lair of Beasts)

   It affects your intelligence (+4).
   It affects your dexterity (-2).
   It affects your accuracy and damage with ranged weapons and melee attacks
   (+5).
   It affects your resistance to hostile enchantments.
Magical Staves
 i - an uncursed staff of fire
 p - an uncursed staff of cold
 R - an uncursed staff of death
 U - an uncursed staff of power
Jewellery
 e - an uncursed ring of fire
 r - an amulet of regeneration (around neck)
 s - a +2 amulet of reflection
 D - an uncursed ring of ice
Wands
 g - a wand of digging (11)
 h - a wand of flame (10)
 j - a wand of paralysis (7)
 l - a wand of polymorph (13)
 A - a wand of random effects (28)
 I - a wand of disintegration (31)
Scrolls
 c - 2 scrolls of magic mapping
 k - 4 scrolls of identify
 v - a scroll of fog
 z - 4 scrolls of fear
 B - a scroll of teleportation
 J - 5 scrolls of remove curse
 P - a scroll of enchant armour
 Q - a scroll of amnesia
Potions
 m - a potion of ambrosia
 n - 9 potions of haste
 q - a potion of cancellation
 t - 4 potions of curing
 w - 2 potions of flight
 x - 3 potions of brilliance
 F - a potion of mutation
 G - 3 potions of magic
Comestibles
 d - 27 rations


   Skills:
 - Level 7.2 Fighting
   Level 6.0 Short Blades
 - Level 6.4 Maces & Flails
 - Level 7.0 Dodging
 - Level 2.1 Stealth
 + Level 3.6 Shields
 - Level 4.7 Unarmed Combat
 - Level 7.0 Spellcasting
 - Level 10.3 Conjurations
 - Level 11.7 Transmutations
 - Level 11.0 Earth Magic


You had 7 spell levels left.
You knew the following spells:

 Your Spells              Type           Power        Failure   Level  Hunger
a - Sandblast             Erth           ######       1%          1    None
b - Stone Arrow           Conj/Erth      #####.       1%          3    #......
c - Blade Hands           Tmut           ######....   1%          5    #####..
d - Lee's Rapid Deconstr  Erth           ######....   1%          5    #####..
e - Hydra Form            Tmut           ######....   12%         6    ######.

Your spell library contained the following spells:

 Spells                   Type           Power        Failure   Level  Hunger
 Yara's Violent Unravell  Hex/Tmut       ####......   7%          5    #####..
 Beastly Appendage        Tmut           ######       1%          1    None
 Flame Tongue             Conj/Fire      ####.        1%          1    None
 Sting                    Conj/Pois      ####         1%          1    None
 Passwall                 Tmut/Erth      ######..     1%          2    None
 Sticks to Snakes         Tmut           ######..     1%          2    None
 Throw Flame              Conj/Fire      ####..       1%          2    None
 Conjure Flame            Conj/Fire      ####....     1%          3    #......
 Dazzling Spray           Conj/Hex       ####..       1%          3    #......
 Mephitic Cloud           Conj/Pois/Air  ###.....     1%          3    #......
 Petrify                  Tmut/Erth      ######..     1%          4    ###....
 Irradiate                Conj/Tmut      ######....   1%          5    #####..
 Spider Form              Tmut/Pois      ####......   2%          3    #......
 Sticky Flame             Conj/Fire      ####....     3%          4    ###....
 Inner Flame              Hex/Fire       #.......     8%          3    #......
 Ice Form                 Ice/Tmut       ####....     9%          4    ###....
 Fireball                 Conj/Fire      ####......   9%          5    #####..
 Venom Bolt               Conj/Pois      ####......   9%          5    #####..
 Animate Skeleton         Necr           N/A          10%         1    None
 Apportation              Tloc           #.....       10%         1    None
 Confusing Touch          Hex            #.....       10%         1    None
 Corona                   Hex            #......      10%         1    None
 Summon Small Mammal      Summ           #...         10%         1    None
 Call Imp                 Summ           #.......     14%         2    None
 Ensorcelled Hibernation  Hex/Ice        #.....       14%         2    None
 Poisonous Vapours        Pois/Air       #.....       14%         2    None
 Olgreb's Toxic Radiance  Pois           #.......     24%         4    ###....
 Call Canine Familiar     Summ           #.......     28%         3    #......
 Confuse                  Hex            #.......     28%         3    #......
 Summon Guardian Golem    Hex/Summ       #.......     28%         3    #......
 Tukima's Dance           Hex            #.......     28%         3    #......
 Dragon Form              Tmut           ######....   54%         7    #######
 Summon Ice Beast         Ice/Summ       #.......     67%         4    ###....
 Summon Lightning Spire   Summ/Air       #.......     67%         4    ###....
 Statue Form              Tmut/Erth      Unusable     N/A         6    N/A

Dungeon Overview and Level Annotations

Branches:
Dungeon (11/15)            Temple (1/1) D:6            Lair (6/6) D:10
  Swamp (0/4) Lair:4        Snake (0/4) Lair:2        Slime (1/5) Lair:5
    Orc (0/2) D:11        Gauntlet (1/1)

Altars:
Ashenzari
Cheibriados
Dithmenos
Elyvilon
Fedhas
Gozag
Hepliaklqana
Kikubaaqudgha
Makhleb
Nemelex Xobeh
Okawaru
Qazlal
Ru
Sif Muna
Trog
Uskayaw
Vehumet
Wu Jian
Xom
Yredelemnul
Zin
The Shining One

Annotations:
D:11 Gastronok, Snorg
Lair:1 1 runed translucent door Gauntlet 4 transporters, 17 runed translucent doors


Innate Abilities, Weirdness & Mutations

You are resistant to torment.
((Your stone body is resilient. (AC +10)))
You are immune to poison.
((Your large and strong wings let you fly indefinitely.))
You resist negative energy. (rN+)
((You are resistant to electric shocks. (rElec)))
((You can survive without breathing.))
You are immune to petrification.
You are immune to rotting.
((You have sharp toenails.))
((You are partially covered in molten scales. (AC +2)))
((You are partially covered in slimy green scales. (AC +2)))
You have a somewhat thin skeletal structure. (Dex +2, Stealth)
Scrolls take you a little longer to read.


Message History

The minotaur hits you with an uncursed staff of poison!!
The minotaur gores you but does no damage.
You gouge the minotaur!!
The minotaur is heavily wounded.
The minotaur drinks a potion.
The minotaur goes berserk!
Unknown command.
You nip at the minotaur.
The minotaur is heavily wounded.
The minotaur hits you with an uncursed staff of poison!!
The minotaur barely misses you.
You nip at the minotaur but do no damage.
The minotaur is heavily wounded.
The minotaur hits you with an uncursed staff of poison!!
* * * LOW HITPOINT WARNING * * *
The minotaur misses you.
Unknown command.
You bite the minotaur!
The minotaur is severely wounded.
The minotaur hits you with an uncursed staff of poison!
You die...

#.#?#..#####
.##.=#..#≈8≈#
©.#.©#..#...######
.##.!#..#.8.##...#
.#.#!#..#...##.#.#
..##.#..#.8....#.#
.....#..#...##.#.#
######..#...##...#
.......≈#.©.##.#D#
.......∩#......#.HZ...⌠+
.......≈#.©.##.#.##∩...#
######..#...##...# .⌠.#
.....#..#...##.#.# +##
#.##.#..#.8....#.#
#....#..#...##.#.#
##.#.#..#.8.##...#
©#..©#..#§§.# ##


You could see a minotaur (berserk) and a minotaur zombie.

Vanquished Creatures
  A death ooze (Gauntlet)
  3 hydras
  An ice dragon (D:10)
  2 catoblepae (Lair:4)
  3 two-headed ogres
  Urug (Lair:5)
  A fire crab (Gauntlet)
  An unseen horror (D:10)
  A lindwurm (Lair:6)
  An ugly thing (D:11)
  8 elephants
  3 black mambas
  A centaur zombie (D:10)
  32 spiny frogs
  A centaur skeleton (D:10)
  10 komodo dragons
  2 trolls (D:9)
  3 tyrant leeches
  22 blink frogs
  2 hornets (D:9)
  5 dream sheep
  A slime creature (Lair:5)
  6 hippogriffs
  Sigmund (D:4)
  A wyvern (Lair:5)
  4 fire bats (Gauntlet)
  31 yaks
  2 steam dragons (Lair:4)
  A hungry ghost (D:11)
  6 vampire mosquitoes (Lair:5)
  5 basilisks
  A chaos spawn (Gauntlet)
  A neqoxec (Gauntlet)
  A warg (D:11)
  4 swamp worms (Lair:4)
  10 water moccasins
  A soldier ant (D:9)
  Duvessa (D:6)
  7 porcupines
  4 black bears
  2 eyes of draining (D:10)
  2 sky beasts
  3 ice beasts
  A phantom (D:8)
  2 necrophages
  A wolf (Lair:1)
  9 ogres
  8 centaurs
  7 crocodiles
  4 big kobolds
  34 bullfrogs
  Blork the orc (D:6)
  Dowan (D:6)
  3 scorpions
  15 killer bees
  A howler monkey (D:4)
  4 wights (D:8)
  2 electric eels (Lair:6)
  5 crimson imps
  2 bullfrog zombies (D:11)
  8 orc priests
  4 hounds
  5 jellies
  9 orc wizards
  9 worker ants
  4 iguanas
  7 hell rats (Lair:4)
  2 hound skeletons
  7 gnolls
  2 worker ant zombies
  14 adders
  5 shadow imps
  3 oozes (Lair:5)
  2 adder skeletons
  3 worms
  2 dart slugs (D:2)
  7 leopard geckos
  38 orcs
  9 bats
  10 giant cockroaches
  12 goblins
  11 hobgoblins
  10 jackals
  52 kobolds
  2 quokkas (D:7)
  9 frilled lizards
  A jackal zombie (D:6)
  A quokka skeleton (D:7)
  9 rats
  4 plants
560 creatures vanquished.

Vanquished Creatures (others)
  21 fungi
  53 plants
  8 toadstools (Lair:1)
82 creatures vanquished.

Grand Total: 642 creatures vanquished

Notes
Turn   | Place    | Note
-------+----------+-------------------------------------------
     0 | D:1      | Froggeryz the Gargoyle Earth Elementalist began the quest
                  | for the Orb.
     0 | D:1      | Reached XP level 1. HP: 10/10 MP: 3/3
   132 | D:1      | Reached XP level 2. HP: 15/15 MP: 0/5
   371 | D:1      | Found a glowing golden altar of the Shining One.
   716 | D:2      | Reached skill level 5 in Earth Magic
   716 | D:2      | Reached XP level 3. HP: 19/19 MP: 6/6
   817 | D:2      | Learned a level 3 spell: Stone Arrow
   896 | D:2      | Found a glowing silver altar of Zin.
  1031 | D:2      | Reached XP level 4. HP: 21/24 MP: 7/7
  1235 | D:2      | Found an ancient bone altar of Kikubaaqudgha.
  1561 | D:3      | Reached XP level 5. HP: 21/28 MP: 5/8
  1762 | D:3      | Noticed a two-headed ogre
  1944 | D:2      | Reached XP level 6. HP: 28/32 MP: 3/9
  2214 | D:3      | Killed a two-headed ogre
  2214 | D:3      | Reached XP level 7. HP: 36/36 MP: 10/10
  2214 | D:3      | Reached XP level 8. HP: 41/41 MP: 11/11
  2256 | D:3      | Learned a level 4 spell: Petrify
  2352 | D:3      | Found a shimmering blue altar of Sif Muna.
  2379 | D:4      | Reached skill level 1 in Transmutations
  2797 | D:4      | Noticed Sigmund
  2801 | D:4      | Killed Sigmund
  2809 | D:4      | Learned a level 5 spell: Lee's Rapid Deconstruction
  2966 | D:5      | Entered Level 5 of the Dungeon
  3384 | D:5      | Found a white marble altar of Elyvilon.
  3387 | D:5      | Found a transporter.
  3398 | D:5      | Found a transporter.
  3402 | D:5      | Noticed a yak
  3432 | D:5      | Reached XP level 9. HP: 38/45 MP: 2/15
  3432 | D:5      | Reached skill level 5 in Transmutations
  3947 | D:6      | Noticed Blork the orc
  3951 | D:6      | Killed Blork the orc
  3951 | D:6      | Reached skill level 1 in Conjurations
  3999 | D:6      | Found a shadowy altar of Dithmenos.
  4015 | D:6      | Noticed Dowan
  4016 | D:6      | Noticed Duvessa
  4029 | D:6      | Killed Duvessa
  4029 | D:6      | Reached skill level 1 in Fighting
  4041 | D:6      | Killed Dowan
  4190 | D:6      | Found a staircase to the Ecumenical Temple.
  4511 | D:7      | Found a snail-covered altar of Cheibriados.
  4644 | D:7      | Reached skill level 5 in Conjurations
  4975 | Temple   | Entered the Ecumenical Temple
  5670 | D:6      | Reached XP level 10. HP: 51/57 MP: 6/16
  6484 | D:8      | Found a stormy altar of Qazlal.
  6537 | D:8      | Reached skill level 5 in Fighting
  6850 | D:8      | Found a radiant altar of Vehumet.
  7194 | D:8      | Became a worshipper of Vehumet
  7481 | D:8      | Reached skill level 10 in Conjurations
  7488 | D:8      | Reached XP level 11. HP: 40/67 MP: 2/17
  7737 | D:9      | Gained mutation: You are partially covered in molten
                  | scales. (AC +2) [potion of mutation]
  7737 | D:9      | Gained mutation: You are partially covered in slimy green
                  | scales. (AC +2) [potion of mutation]
  7737 | D:9      | Gained mutation: You have a somewhat thin skeletal
                  | structure. (Dex +2, Stealth) [potion of mutation]
  7737 | D:9      | Gained mutation: You have sharp toenails. [potion of
                  | mutation]
  7876 | D:9      | Reached skill level 5 in Spellcasting
  7935 | D:9      | Found a hide-covered altar of Uskayaw.
  7957 | D:9      | Noticed a +0 hand axe
  7957 | D:9      | Noticed a +0 hand axe
  8125 | D:9      | Reached * piety under Vehumet
  8125 | D:9      | Offered knowledge of Shock by Vehumet.
  8536 | D:10     | Entered Level 10 of the Dungeon
  8704 | D:10     | Found a staircase to the Lair.
  8861 | D:10     | Found a portal to a secret trove of treasure.
  9158 | D:10     | Killed an unseen horror
  9176 | D:10     | Found a shadowy altar of Dithmenos.
  9269 | D:10     | Offered knowledge of Searing Ray by Vehumet.
  9288 | D:10     | Reached skill level 5 in Dodging
  9296 | D:10     | Reached ** piety under Vehumet
  9593 | D:10     | Noticed an ice dragon
  9608 | D:10     | Killed an ice dragon
  9779 | Lair:1   | Entered Level 1 of the Lair of Beasts
  9792 | Lair:1   | Noticed a six-headed hydra
  9800 | Lair:1   | Killed a six-headed hydra
  9954 | Lair:1   | Reached skill level 1 in Short Blades
 10023 | Lair:1   | Reached XP level 12. HP: 54/72 MP: 17/21
 10732 | Lair:1   | Offered knowledge of Ignite Poison by Vehumet.
 10881 | Lair:1   | Noticed a dire elephant
 10881 | Lair:1   | Noticed a dire elephant
 10901 | Lair:1   | Found a runed translucent door.
 11163 | Lair:2   | Got a faintly glowing ring mail
 11164 | Lair:2   | Identified the +6 ring mail of Foolhardiness {Dex+2} (You
                  | found it on level 2 of the Lair of Beasts)
 11224 | Lair:2   | Reached skill level 5 in Short Blades
 11294 | Lair:2   | Found a staircase to the Snake Pit.
 11298 | Lair:2   | Noticed a five-headed hydra
 11311 | Lair:2   | Killed a five-headed hydra
 11411 | Lair:2   | Learned a level 5 spell: Blade Hands
 11520 | Lair:2   | Found a stormy altar of Qazlal.
 12825 | Lair:4   | Reached *** piety under Vehumet
 13299 | Lair:4   | Offered knowledge of Airstrike by Vehumet.
 13330 | Lair:4   | Found the +8 whip "Snakebite" {curare, rPois}
 13431 | Lair:4   | Noticed a catoblepas
 13985 | Lair:4   | Found a staircase to the Swamp.
 14180 | Lair:4   | Killed a catoblepas
 14180 | Lair:4   | Reached skill level 1 in Maces & Flails
 14180 | Lair:4   | Reached XP level 13. HP: 33/76 MP: 22/22
 15287 | Lair:5   | Noticed Urug
 15296 | Lair:5   | Killed Urug
 15615 | Lair:5   | Found a staircase to the Slime Pits.
 16014 | Slime:1  | Entered Level 1 of the Pits of Slime
 16038 | Lair:6   | Entered Level 6 of the Lair of Beasts
 16126 | Lair:6   | Reached **** piety under Vehumet
 16466 | Lair:5   | Reached skill level 10 in Transmutations
 16603 | Lair:6   | Offered knowledge of Bolt of Magma by Vehumet.
 16986 | Lair:6   | Reached skill level 5 in Maces & Flails
 17982 | Lair:6   | Gained mutation: Your large and strong wings let you fly
                  | indefinitely. [Gargoyle growth]
 17982 | Lair:6   | Reached XP level 14. HP: 79/82 MP: 20/23
 18021 | Lair:6   | Reached ***** piety under Vehumet
 18034 | Lair:6   | Offered knowledge of Yara's Violent Unravelling by Vehumet.
 18045 | Lair:6   | Learned a level 6 spell: Hydra Form
 18079 | Lair:6   | Reached skill level 1 in Unarmed Combat
 19258 | Lair:6   | Got a smoking robe
 19269 | Lair:6   | Identified the +5 robe of Yredelemnul's Envy {MR+ Int+4
                  | Dex-2 Slay+5} (You found it on level 6 of the Lair of
                  | Beasts)
 19968 | D:11     | Noticed Gastronok
 20052 | D:11     | Got a faintly humming cloak
 20119 | D:11     | Found a staircase to the Orcish Mines.
 20121 | D:11     | Noticed Snorg
 20136 | D:11     | HP: 1/82 [cyclops/large rock (15)]
 20232 | D:11     | Found a gate leading to a gauntlet.
 20239 | Gauntlet | Entered a Gauntlet
 20239 | Gauntlet | Found a transporter.
 20239 | Gauntlet | Found a transporter.
 20252 | Gauntlet | Noticed an entropy weaver
 20358 | Gauntlet | Found a transporter.
 20359 | Gauntlet | Found a transporter.
 20360 | Gauntlet | Found a transporter.
 20369 | Gauntlet | Identified the cursed -3 cloak "Turr" {+Blink rN++} (You
                  | found it on level 11 of the Dungeon)
 20370 | Gauntlet | Identified a scroll of acquirement
 20371 | Gauntlet | Found the +3 warlock's mirror {reflect}
 20381 | Gauntlet | Found a transporter.
 20392 | Gauntlet | Found a transporter.
 20438 | Gauntlet | Found a transporter.
 20448 | Gauntlet | Reached skill level 1 in Shields
 20518 | Gauntlet | Found a transporter.
 20520 | Gauntlet | Found a transporter.
 20522 | Gauntlet | Found a large runed translucent door.
 20522 | Gauntlet | Found a large runed translucent door.
 20523 | Gauntlet | Found a large runed translucent door.
 20523 | Gauntlet | Found a large runed translucent door.
 20534 | Gauntlet | Found a runed translucent door.
 20534 | Gauntlet | Found a runed translucent door.
 20534 | Gauntlet | Found a large runed translucent door.
 20534 | Gauntlet | Found a large runed translucent door.
 20534 | Gauntlet | Found a large runed translucent door.
 20534 | Gauntlet | Found a large runed translucent door.
 20534 | Gauntlet | Found a large runed translucent door.
 20534 | Gauntlet | Found a large runed translucent door.
 20544 | Gauntlet | Found a large runed translucent door.
 20544 | Gauntlet | Found a large runed translucent door.
 20550 | Gauntlet | Found a large runed translucent door.
 20550 | Gauntlet | Found a large runed translucent door.
 20550 | Gauntlet | Found a large runed translucent door.
 20550 | Gauntlet | Found a large runed translucent door.
 20551 | Gauntlet | Found a runed translucent gate.
 20551 | Gauntlet | Found a runed translucent gate.
 20551 | Gauntlet | Found a runed translucent gate.
 20552 | Gauntlet | Found a transporter.
 20554 | Gauntlet | Found a transporter.
 20561 | Gauntlet | Gained mutation: Scrolls take you a little longer to read.
                  | [a neqoxec]
 20700 | Gauntlet | Identified the ring "Ywof" {MP+9 Str+2 Dex+3}
 20709 | Gauntlet | Slain by a minotaur

Levels and vault maps discovered:
D:1:      minmay_arrival_pointy, layout_basic, tso_metal_star
D:2:      layout_basic, zin_treasury, kiku_gazebo_pond_becter
D:3:      layout_rooms, overflow_temple_1_default
D:4:      layout_basic, uniq_sigmund
D:5:      layout_loops_corners, gammafunk_temple_overflow_arena, first_ration,
          chequers_mini_garden
D:6:      minmay_goblin_kobold_castle, layout_gridville, old_standard_altar,
          minmay_temple_entry_from_below_a, enter_ossuary_3, uniq_duvessa,
          uniq_blork_the_orc
D:7:      layout_loops_ring, kennysheep_mini_moat, minmay_chambers_of_fives
D:8:      layout_loops_cross, vehumet_altar_wand_db, overflow_temple_1_default
D:9:      layout_loops_ring, dancing_weapons_uskayaw, hangedman_pestilent_swarm,
          minmay_misc_feat_rugged, kennysheep_generic_room_11
D:10:     dragon1_lemuel, layout_long_grid, dpeg_oklobed_lair, basic_altar,
          enter_trove_6
D:11:     layout_loops_ring, erik_orc_4, gauntlet_entry_generic, uniq_gastronok,
          uniq_snorg
Temple:   nicolae_temple_figure_eight
Lair:1:   gammafunk_lair_enchanted_lake, layout_gridlike
Lair:2:   layout_loops_ring, dummy_snake_entry, lemuel_centaur_altar
Lair:3:   layout_chaotic_city
Lair:4:   minmay_guarded_unrand_snakebite, layout_layer_cave,
          nicolae_swamp_entry_splash_gauntlet, grunt_megastairs_2
Lair:5:   layout_loops_ring, nicolae_slime_entry_slimehenge, uniq_urug
Lair:6:   minmay_lair_end_frog_pond, layout_long_grid, grunt_forest_stairs_basic
Slime:1:  layout_caves
Gauntlet: gammafunk_gauntlet_shortcut [gammafunk_gauntlet_arena_split_x,
          gammafunk_gauntlet_arena_corners,
          gammafunk_gauntlet_arena_arrow_garden, nicolae_gauntlet_arena_blocks,
          minmay_gauntlet_arena_make_your_own_arena,
          nicolae_gauntlet_arena_grate_2, gauntlet_exit_hidden_loot]

Skill      XL: |  1  2  3  4  5  6  7  8  9 10 11 12 13 14 |
---------------+-------------------------------------------+-----
Earth Magic    | 4 5 6 7 11 | 11.0
Transmutations | 4 5 8 11 | 11.7
Spellcasting   | 4 6 7 |  7.0
Conjurations   | 6 10 | 10.3
Fighting       | 4 7 |  7.2
Dodging        | 7 |  7.0
Short Blades   | 2 6 |  6.0
Maces & Flails | 1 6 |  6.4
Unarmed Combat | 4 |  4.7
Shields        | 3 |  3.6
Stealth        | |  2.1

Action                   |  1- 3 |  4- 6 |  7- 9 | 10-12 | 13-15 || total
-------------------------+-------+-------+-------+-------+-------++-------
Melee: Unarmed           |    24 |       |     5 |       |    66 ||    95
       Whip              |    72 |   100 |    79 |    21 |   481 ||   753
       Mace              |       |       |   232 |   209 |       ||   441
       Rapier            |       |       |       |   617 |       ||   617
       Hand axe          |       |       |       |     1 |       ||     1
       Punch             |       |       |       |       |     4 ||     4
Throw: Dart              |       |     3 |       |     2 |     4 ||     9
 Cast: Sandblast         |    21 |    29 |    86 |   179 |   111 ||   426
       Stone Arrow       |       |       |     7 |    24 |    86 ||   117
       Lee's Rapid Decon |       |       |     1 |       |       ||     1
       Petrify           |       |       |     1 |       |       ||     1
       Hydra Form        |       |       |       |       |     7 ||     7
 Abil: Fly               |       |       |       |       |     1 ||     1
Evoke: Wand              |       |       |     6 |    17 |     5 ||    28
  Use: Scroll            |       |       |     9 |    10 |    14 ||    33
       Potion            |       |       |     8 |     4 |     4 ||    16
 Stab: Sleeping          |     6 |     2 |     4 |     8 |     2 ||    22
       Paralysed         |       |       |    10 |       |       ||    10
       Petrified         |       |       |       |       |     1 ||     1
  Eat: Chunk             |       |     5 |    10 |    22 |    16 ||    53
       Ration            |       |       |     1 |     2 |     1 ||     4
Armor: Robe              |    37 |    73 |   240 |   682 |   274 ||  1306
       Skin              |       |       |       |       |    10 ||    10
Dodge: Dodged            |    77 |    92 |   323 |   894 |   417 ||  1803
Block: Other             |       |       |    29 |    90 |    25 ||   144
       Reflection        |       |       |     1 |       |       ||     1
       Buckler           |       |       |       |       |    20 ||    20
